 Dungeon Sprint DCSS version 0.31-a0-716-gc7603755dd (webtiles) character file.

Game seed: 18246979032577937233

6100000 rocky1 the Axe Maniac (level 26, -5/314 HPs)
             Began as an Ogre Gladiator on Sept 11, 2023.
             Was the Champion of Makhleb.
             Killed by the air
             ... invoked by a tyrant
              (24 damage)
             ... in the Dungeon (Sprint VIII: "Arena of Blood").
             The game lasted 00:04:30 (61 turns).

rocky1 the Axe Maniac (Ogre Gladiator)                Turns: 61, Time: 00:04:31

Health: -5/314     AC:  4    Str: 33    XL:     26   Next: 85%
Magic:  24/50      EV: 19    Int:  9    God:    Makhleb [******]
Gold:   0          SH:  0    Dex: 10    Spells: 71/71 levels left

rFire   . . .        l - +∞ Axe of Woe
rCold   . . .        (shield currently unavailable)
rNeg    . . .        b - +0 robe
rPois   .            c - +0 hat
rElec   .            (no cloak)
rCorr   .            (gloves unavailable)
SInv    .            (boots unavailable)
Will    ++...        (no amulet)
Stlth   +++++++      m - +30 ring of slaying
HPRegen 0.72/turn    n - +30 ring of slaying
MPRegen 0.32/turn

%: no teleportation
@: hasted, very quick
A: large, unfitting armour, tough skin 1
a: Renounce Religion, Minor Destruction, Lesser Servant of Makhleb, Major
Destruction, Greater Servant of Makhleb


You were in the Dungeon.
You worshipped Makhleb.
Makhleb was exalted by your worship.
You visited 1 branch

Inventory:

Hand Weapons
 a - a +0 war axe
 l - the +∞ Axe of Woe (weapon)
   (You found it in the Dungeon)
Missiles
 d - 3 throwing nets (quivered)
 e - a large rock
Armour
 b - a +0 robe (worn)
 c - a +0 hat (worn)
Jewellery
 h - a +200 ring of slaying
 m - a +30 ring of slaying (left hand)
 n - a +30 ring of slaying (right hand)
Scrolls
 k - a scroll of blinking
Potions
 f - a potion of curing
 g - a potion of heal wounds
 i - 2 potions of magic
 j - a potion of berserk rage


   Skills:
 O Level 27 Fighting
 + Level 19.7(22.9) Short Blades
 + Level 19.7(22.9) Long Blades
 O Level 27 Axes
 + Level 19.7(27) Maces & Flails
 + Level 21.3(27) Polearms
 + Level 21.3(27) Staves
 + Level 16.8 Ranged Weapons
 O Level 27 Throwing
 + Level 18.2 Armour
 O Level 27 Dodging
 + Level 18.2 Stealth
 + Level 21.3 Shields
 + Level 19.7 Unarmed Combat
 + Level 23.0 Spellcasting
 + Level 19.7 Conjurations
 + Level 19.7 Hexes
 + Level 19.7 Summonings
 + Level 19.7 Necromancy
 + Level 19.7 Translocations
 + Level 19.7 Transmutations
 + Level 19.7 Fire Magic
 + Level 19.7 Ice Magic
 + Level 19.7 Air Magic
 + Level 19.7 Earth Magic
 + Level 19.7 Poison Magic
 + Level 23.0 Invocations
 + Level 18.3 Evocations
 + Level 19.7 Shapeshifting


You had 71 spell levels left.
You didn't know any spells.
Your spell library was empty.

Dungeon Overview and Level Annotations

Branches:
Dungeon (1/1)

Altars:
Makhleb


Innate Abilities, Weirdness & Mutations

You are too large for most types of armour.
You have tough skin. (AC +1)


Message History

You slaughter the bag of meat joyfully.
You kill the bag of meat!
Makhleb accepts your kill.
You feel better.
You feel extremely nervous for a moment...
Your body is wracked with pain!
You are engulfed in blazing flames.
A meat berserker comes into view. It is wielding a +9 battleaxe.
The large bag of meat is engulfed in blazing flames.
The sculptor of flesh is engulfed in blazing flames.
Your base Polearms skill increases to level 21!
Your base Staves skill increases to level 21!
Your Armour skill increases to level 18!
Your Stealth skill increases to level 18!
Your Shields skill increases to level 21!
Your Spellcasting skill increases to level 23!
Your Invocations skill increases to level 23!
Your Evocations skill increases to level 18!
A bag of meat, a sculptor of flesh and 2 tyrants come into view.
The meat beast appears out of thin air!
A meat beast comes into view.
The bag of meat shouts!
The meat berserker rages. x2
The bag of meat is engulfed in blazing flames.
The meat berserker is engulfed in blazing flames.
The bag of meat is engulfed in blazing flames. x2
The bag of meat misses you.
A bag of meat comes into view. It is wielding a +9 war axe.
The bag of meat is engulfed in blazing flames.
The destroyer gestures at you while chanting.
The destroyer blinks!
The meat berserker is engulfed in blazing flames.
The meat berserker hits you with a +9 battleaxe!!!
* * * LOW HITPOINT WARNING * * *
The large bag of meat is engulfed in blazing flames.
The large bag of meat hits you with a +9 giant spiked club!!!
* * * LOW HITPOINT WARNING * * *
The large bag of meat completely misses you.
The tyrant waves its bony arms in wide circles.
The air twists around and strikes you!!
You die...

....#..)))#.......#
. ..#_○<)_#........
..#.°)..#......#.
.z...°_o§)).§.....
......###o○o)§§...#
.###..o.o§o###.....
#.....oo# .....
.#...§oz§#Oo.....
...o..§@OO§oOo2.
L.....oO§§§..#..
....O...L..o#...
....Oo...V##..o.
#......O.#L ...
.........#.O ###
#.#........o.
.......... ...


You could see a meat beast (wandering, fast), 3 tyrants, a destroyer, 2
sculptors of flesh, 3 large bags of meat, 6 meat berserkers and 18 bags of meat.

Vanquished Creatures
  A royal mummy (D)
  10 vampire knights (D)
  23 ogres (D)
  5 two-headed ogres (D)
  40 orcs (D)
  2 skeletal warriors (D)
81 creatures vanquished.

Notes
Turn   | Place    | Note
-------+----------+-------------------------------------------
     0 | D        | Found the +∞ Axe of Woe
     0 | D        | rocky1 the Ogre Gladiator began the quest for the Orb.
     0 | D        | Reached XP level 1. HP: 22/22 MP: 1/1
     2 | D        | Noticed a bag of meat
     3 | D        | Noticed a bag of meat
     4 | D        | Noticed a bag of meat
     4 | D        | Noticed a bag of meat
     5 | D        | Became a worshipper of Makhleb the Destroyer
     5 | D        | Noticed a bag of meat
     6 | D        | Noticed a bag of meat
     6 | D        | Noticed a meat berserker
     7 | D        | Noticed a bag of meat
     7 | D        | Noticed a meat berserker
     8 | D        | Killed a bag of meat
     8 | D        | Noticed a bag of meat
     8 | D        | Noticed a meat berserker
     8 | D        | Noticed a bag of meat
     8 | D        | Noticed a meat berserker
     9 | D        | Reached XP level 2. HP: 29/49 MP: 2/2
     9 | D        | Reached XP level 3. HP: 33/57 MP: 3/3
     9 | D        | Reached XP level 4. HP: 39/66 MP: 4/4
     9 | D        | Reached XP level 5. HP: 43/74 MP: 5/5
     9 | D        | Reached XP level 6. HP: 49/83 MP: 6/6
     9 | D        | Reached XP level 7. HP: 54/91 MP: 7/7
     9 | D        | Reached XP level 8. HP: 58/98 MP: 8/8
     9 | D        | Reached XP level 9. HP: 62/106 MP: 9/9
     9 | D        | Reached XP level 10. HP: 68/115 MP: 10/10
     9 | D        | Reached XP level 11. HP: 73/123 MP: 11/11
    10 | D        | Killed a meat berserker
    10 | D        | Reached * piety under Makhleb
    10 | D        | Killed a bag of meat
    10 | D        | Noticed a bag of meat
    10 | D        | Noticed a meat berserker
    11 | D        | Reached XP level 12. HP: 120/144 MP: 12/12
    11 | D        | Reached XP level 13. HP: 127/152 MP: 13/13
    11 | D        | Killed a meat berserker
    11 | D        | Killed a bag of meat
    11 | D        | Reached ** piety under Makhleb
    11 | D        | Noticed a meat berserker
    11 | D        | Noticed a meat berserker
    12 | D        | Reached XP level 14. HP: 170/170 MP: 14/14
    12 | D        | Killed a meat berserker
    12 | D        | Noticed a bag of meat
    13 | D        | Reached XP level 15. HP: 183/183 MP: 15/15
    13 | D        | Killed a meat berserker
    13 | D        | Reached *** piety under Makhleb
    13 | D        | Noticed a meat berserker
    14 | D        | Reached skill level 27 in Axes
    14 | D        | Reached XP level 16. HP: 209/209 MP: 16/16
    14 | D        | Killed a meat berserker
    14 | D        | Reached **** piety under Makhleb
    14 | D        | Killed a meat berserker
    15 | D        | Reached skill level 27 in Fighting
    15 | D        | Reached skill level 27 in Throwing
    15 | D        | Reached skill level 27 in Dodging
    15 | D        | Reached XP level 17. HP: 226/226 MP: 17/17
    15 | D        | Killed a meat berserker
    15 | D        | Reached ***** piety under Makhleb
    15 | D        | Noticed a meat berserker
    18 | D        | Killed a meat berserker
    18 | D        | Noticed a meat berserker
    18 | D        | Noticed a meat berserker
    19 | D        | Reached skill level 5 in Polearms
    19 | D        | Reached skill level 5 in Staves
    19 | D        | Reached skill level 5 in Shields
    19 | D        | Reached skill level 5 in Spellcasting
    19 | D        | Reached skill level 5 in Invocations
    19 | D        | Reached XP level 18. HP: 236/236 MP: 17/26
    21 | D        | Killed a meat berserker
    22 | D        | Reached skill level 5 in Short Blades
    22 | D        | Reached skill level 5 in Long Blades
    22 | D        | Reached skill level 5 in Maces & Flails
    22 | D        | Reached skill level 5 in Armour
    22 | D        | Reached skill level 5 in Stealth
    22 | D        | Reached skill level 5 in Unarmed Combat
    22 | D        | Reached skill level 5 in Conjurations
    22 | D        | Reached skill level 5 in Hexes
    22 | D        | Reached skill level 5 in Summonings
    22 | D        | Reached skill level 5 in Necromancy
    22 | D        | Reached skill level 5 in Translocations
    22 | D        | Reached skill level 5 in Transmutations
    22 | D        | Reached skill level 5 in Fire Magic
    22 | D        | Reached skill level 5 in Ice Magic
    22 | D        | Reached skill level 5 in Air Magic
    22 | D        | Reached skill level 5 in Earth Magic
    22 | D        | Reached skill level 5 in Poison Magic
    22 | D        | Reached skill level 5 in Evocations
    22 | D        | Reached skill level 5 in Shapeshifting
    22 | D        | Killed a meat berserker
    22 | D        | Noticed a meat berserker
    23 | D        | Reached skill level 5 in Ranged Weapons
    23 | D        | Killed a meat berserker
    23 | D        | Reached ****** piety under Makhleb
    23 | D        | Noticed a meat berserker
    24 | D        | Reached XP level 19. HP: 245/245 MP: 18/31
    24 | D        | Noticed a destroyer
    27 | D        | Noticed a meat berserker
    28 | D        | Noticed a large bag of meat
    29 | D        | Reached skill level 10 in Spellcasting
    29 | D        | Reached skill level 10 in Invocations
    29 | D        | Noticed a destroyer
    29 | D        | Noticed a destroyer
    30 | D        | Killed a meat berserker
    31 | D        | Reached skill level 10 in Polearms
    31 | D        | Reached skill level 10 in Staves
    31 | D        | Reached skill level 10 in Shields
    31 | D        | Reached XP level 20. HP: 222/256 MP: 19/34
    31 | D        | Killed a meat berserker
    32 | D        | Reached skill level 10 in Short Blades
    32 | D        | Reached skill level 10 in Long Blades
    32 | D        | Reached skill level 10 in Maces & Flails
    32 | D        | Reached skill level 10 in Unarmed Combat
    32 | D        | Reached skill level 10 in Conjurations
    32 | D        | Reached skill level 10 in Hexes
    32 | D        | Reached skill level 10 in Summonings
    32 | D        | Reached skill level 10 in Necromancy
    32 | D        | Reached skill level 10 in Translocations
    32 | D        | Reached skill level 10 in Transmutations
    32 | D        | Reached skill level 10 in Fire Magic
    32 | D        | Reached skill level 10 in Ice Magic
    32 | D        | Reached skill level 10 in Air Magic
    32 | D        | Reached skill level 10 in Earth Magic
    32 | D        | Reached skill level 10 in Poison Magic
    32 | D        | Reached skill level 10 in Shapeshifting
    33 | D        | Killed a destroyer
    33 | D        | Killed a meat berserker
    34 | D        | Reached skill level 10 in Armour
    34 | D        | Reached skill level 10 in Stealth
    34 | D        | Reached skill level 10 in Evocations
    34 | D        | Killed a large bag of meat
    34 | D        | Killed a destroyer
    35 | D        | Reached XP level 21. HP: 223/265 MP: 20/38
    35 | D        | Noticed a destroyer
    36 | D        | Reached skill level 10 in Ranged Weapons
    36 | D        | Noticed a meat berserker
    36 | D        | Noticed a destroyer
    36 | D        | Noticed a meat berserker
    37 | D        | Killed a destroyer
    37 | D        | Noticed a meat berserker
    38 | D        | Noticed a destroyer
    39 | D        | Noticed a meat berserker
    39 | D        | Noticed a destroyer
    39 | D        | Noticed a large bag of meat
    39 | D        | Noticed a large bag of meat
    39 | D        | Noticed a meat berserker
    40 | D        | Noticed a meat berserker
    40 | D        | Noticed a meat berserker
    41 | D        | Reached skill level 15 in Spellcasting
    41 | D        | Reached skill level 15 in Invocations
    41 | D        | Reached XP level 22. HP: 275/275 MP: 21/41
    41 | D        | Noticed a destroyer
    43 | D        | Noticed a destroyer
    43 | D        | Killed a destroyer
    44 | D        | Noticed a destroyer
    45 | D        | Killed a large bag of meat
    45 | D        | Killed a destroyer
    46 | D        | Reached skill level 15 in Polearms
    46 | D        | Reached skill level 15 in Staves
    46 | D        | Reached skill level 15 in Shields
    46 | D        | Reached XP level 23. HP: 224/284 MP: 22/44
    46 | D        | Noticed a large bag of meat
    47 | D        | Killed a large bag of meat
    48 | D        | Reached skill level 15 in Short Blades
    48 | D        | Reached skill level 15 in Long Blades
    48 | D        | Reached skill level 15 in Maces & Flails
    48 | D        | Reached skill level 15 in Unarmed Combat
    48 | D        | Reached skill level 15 in Conjurations
    48 | D        | Reached skill level 15 in Hexes
    48 | D        | Reached skill level 15 in Summonings
    48 | D        | Reached skill level 15 in Necromancy
    48 | D        | Reached skill level 15 in Translocations
    48 | D        | Reached skill level 15 in Transmutations
    48 | D        | Reached skill level 15 in Fire Magic
    48 | D        | Reached skill level 15 in Ice Magic
    48 | D        | Reached skill level 15 in Air Magic
    48 | D        | Reached skill level 15 in Earth Magic
    48 | D        | Reached skill level 15 in Poison Magic
    48 | D        | Reached skill level 15 in Shapeshifting
    48 | D        | Noticed a destroyer
    49 | D        | Killed a destroyer
    50 | D        | Reached XP level 24. HP: 269/295 MP: 22/45
    50 | D        | Noticed a large bag of meat
    50 | D        | Noticed a large bag of meat
    51 | D        | Noticed an accursed
    52 | D        | Noticed a large bag of meat
    53 | D        | Reached skill level 15 in Armour
    53 | D        | Reached skill level 15 in Stealth
    53 | D        | Reached skill level 15 in Evocations
    54 | D        | Killed a large bag of meat
    54 | D        | Killed a destroyer
    55 | D        | Reached skill level 15 in Ranged Weapons
    55 | D        | Reached XP level 25. HP: 224/304 MP: 23/47
    55 | D        | Noticed a tyrant
    57 | D        | Noticed a tyrant
    57 | D        | Killed a destroyer
    57 | D        | Killed a destroyer
    57 | D        | Noticed a large bag of meat
    58 | D        | Reached XP level 26. HP: 313/314 MP: 24/48
    58 | D        | Killed a destroyer
    59 | D        | Killed a large bag of meat
    60 | D        | Killed an accursed
    61 | D        | Noticed a tyrant
    61 | D        | Noticed a tyrant
    61 | D        | Killed from afar by a tyrant

Illustrated notes

Levels and vault maps discovered:
D:        meatsprint

Skill      XL: |  1  2  3  4  5  6  7  8  9 10 11 12 13 14 15 16 17 18 19 20 21 22 23 24 25 26 |
---------------+-------------------------------------------------------------------------------+-----
Fighting       | 12 16 18 19 24 27 | 27.0
Axes           | 16 22 25 26 27 | 27.0
Throwing       | 9 11 13 14 16 27 | 27.0
Dodging        | 14 19 21 23 26 27 | 27.0
Short Blades   | 4 7 9 11 12 14 16 17 18 19 | 19.7
Long Blades    | 4 7 9 11 12 14 16 17 18 19 | 19.7
Maces & Flails | 4 7 9 11 12 14 16 17 18 19 | 19.7
Polearms       | 5 7 10 12 13 15 17 19 20 21 | 21.3
Staves         | 5 7 10 12 13 15 17 19 20 21 | 21.3
Ranged Weapons | 3 5 7 9 10 12 13 15 16 | 16.8
Armour         | 4 6 8 10 11 13 14 16 17 18 | 18.2
Stealth        | 4 6 8 10 11 13 14 16 17 18 | 18.2
Shields        | 5 7 10 12 13 15 17 19 20 21 | 21.3
Unarmed Combat | 4 7 9 11 12 14 16 17 18 19 | 19.7
Spellcasting   | 5 8 10 13 15 17 18 20 21 23 | 23.0
Conjurations   | 4 7 9 11 12 14 16 17 18 19 | 19.7
Hexes          | 4 7 9 11 12 14 16 17 18 19 | 19.7
Summonings     | 4 7 9 11 12 14 16 17 18 19 | 19.7
Necromancy     | 4 7 9 11 12 14 16 17 18 19 | 19.7
Translocations | 4 7 9 11 12 14 16 17 18 19 | 19.7
Transmutations | 4 7 9 11 12 14 16 17 18 19 | 19.7
Fire Magic     | 4 7 9 11 12 14 16 17 18 19 | 19.7
Ice Magic      | 4 7 9 11 12 14 16 17 18 19 | 19.7
Air Magic      | 4 7 9 11 12 14 16 17 18 19 | 19.7
Earth Magic    | 4 7 9 11 12 14 16 17 18 19 | 19.7
Poison Magic   | 4 7 9 11 12 14 16 17 18 19 | 19.7
Invocations    | 5 8 10 13 15 17 18 20 21 23 | 23.0
Evocations     | 4 6 8 10 11 13 14 16 17 18 | 18.3
Shapeshifting  | 4 7 9 11 12 14 16 17 18 19 | 19.7

Action                     |  1- 3 |  4- 6 |  7- 9 | 10-12 | 13-15 | 16-18 | 19-21 | 22-24 | 25-27 || total
---------------------------+-------+-------+-------+-------+-------+-------+-------+-------+-------++-------
  Melee: Executioner's axe |     1 |       |       |     1 |     3 |     8 |    10 |     7 |     5 ||    35
    Use: Potion            |       |       |       |       |       |       |       |     1 |       ||     1
 Armour: Robe              |     1 |       |       |       |       |     1 |     3 |    15 |     8 ||    28
  Dodge: Dodged            |       |       |       |       |       |       |       |     1 |     3 ||     4

Table legend: (Time is in decaauts)
 A = Elapsed time spent in this place.
 B = Non-inter-level travel time spent in this place.
 C = Inter-level travel time spent in this place.
 D = Time resting spent in this place.
 E = Time spent auto-exploring this place.
 F = Levels seen in this place.
 G = Mean time per level.
                   A        B        C        D        E       F      G
               +--------+--------+--------+--------+--------+-----+--------+
         Total |     45 |     45 |      0 |      0 |      1 |   1 |   45.0 |
       Dungeon |     45 |     45 |      0 |      0 |      1 |   1 |   45.0 |
               +--------+--------+--------+--------+--------+-----+--------+

Top non-repeatable levels by time:
       D: 45 daAuts
